 Dungeon Crawl Stone Soup version 0.29-a0-1014-ga8c0faee3b (webtiles) character file.

Game seed: 9818525019493583017

67 Asher535 the Trooper (level 4, -2/40 HPs)
             Began as a Hill Orc Fighter on Aug 9, 2022.
             Slain by a gnoll
             ... wielding a +0 halberd
              (9 damage)
             ... on level 3 of the Dungeon.
             The game lasted 00:03:11 (1624 turns).

Asher535 the Trooper (Hill Orc Fighter)             Turns: 1624, Time: 00:03:11

Health: -2/40      AC: 12    Str: 20    XL:     4   Next: 16%
Magic:  4/4        EV:  9    Int:  8    God:
Gold:   114        SH:  4    Dex: 10    Spells: 3/3 levels left

rFire   . . .      SeeInvis +   u - +14 obsidian axe {vorpal, Mesm Drain Fly SInv}
rCold   . . .      Faith    .   c - +0 buckler
rNeg    . . .      Spirit   .   i - +0 plate armour
rPois   .          Reflect  .   (no helmet)
rElec   .          Harm     .   (no cloak)
rCorr   .          Rampage  .   (no gloves)
Will    .....                   e - +0 pair of boots
Stlth   ..........              (no amulet)
HPRegen 0.13/turn               q - +4 ring of evasion
MPRegen 0.09/turn               (no ring)

@: flying, mesmerised
A: no striking features
a: no special abilities


You were on level 3 of the Dungeon.
You visited 1 branch of the dungeon, and saw 3 of its levels.

You collected 114 gold pieces.

Inventory:

Hand Weapons
 a - a +0 war axe
 u - the +14 obsidian axe (weapon) {vorpal, Mesm Drain Fly SInv}
   (You found it on level 3 of the Dungeon)

   It inflicts extra damage upon your enemies.
   It occasionally summons demons to assist the wielder when it strikes in
   combat.
   Its wielder is mesmerised by any visible foes.
   It cannot be unequipped while any foes are visible.
   SInv:      It lets you see invisible.
   Fly:       It grants you flight.
   Drain:     It drains your maximum health when unequipped.
Armour
 b - a +0 scale mail
 c - a +0 buckler (worn)
 e - a +0 pair of boots (worn)
 i - a +0 plate armour (worn)
Jewellery
 q - a +4 ring of evasion (left hand)
 t - an amulet of the acrobat
Scrolls
 f - a scroll of summoning {unknown}
 g - a scroll of fear {unknown}
 h - a scroll of blinking {unknown}
 j - 7 scrolls of identify {unknown}
 k - a scroll of brand weapon {unknown}
 l - 2 scrolls of poison {unknown}
 m - a scroll of fog {unknown}
Potions
 d - a potion of might
 n - a potion of curing {unknown}
 o - 2 potions of heal wounds {unknown}
 p - a potion of lignification {unknown}
 r - a potion of degeneration {unknown}
 s - a potion of invisibility {unknown}


   Skills:
 + Level 4.3 Fighting
 * Level 3.9 Axes
 + Level 3.8 Armour
 + Level 3.8 Shields


You had 3 spell levels left.
You didn't know any spells.
Your spell library was empty.

Dungeon Overview and Level Annotations

Branches:
Dungeon (3/15)

Altars:


Message History

A rat is nearby!
A rat is nearby!
Visions of slaying the rat flood into your mind.
Found 5 gold pieces.
A quokka comes into view.
You slice the rat!!
You break out of your daze!
You kill the rat!
Visions of slaying the quokka flood into your mind.
A gnoll and an orc come into view.
The orc shouts!
A gnoll comes into view. It is wielding a +0 club.
A gnoll comes into view. It is wielding a +0 halberd.
Found an escape hatch in the floor.
The gnoll shouts! x2
The quokka bites you but does no damage.
You slash the quokka!
You break out of your daze!
You kill the quokka!
Visions of slaying the orc flood into your mind.
You see here a quokka corpse.
You completely miss the gnoll. You closely miss the orc.
The gnoll barely misses you. The orc closely misses you.
You slice the gnoll!!
You kill the gnoll!
You slash the orc!
You are no longer entranced.
You kill the orc!
Visions of slaying the gnoll flood into your mind.
The gnoll hits you from afar with a +0 halberd!
You block the gnoll's attack.
The gnoll hits you from afar with a +0 halberd.
You have reached level 4!
You barely miss the gnoll.
Visions of slaying the gnoll flood into your mind.
The gnoll barely misses you.
The gnoll hits you from afar with a +0 halberd!
* * * LOW HITPOINT WARNING * * *
The gnoll closely misses you. The gnoll hits you with a +0 halberd!
You die...

#.#.##...!......###...
###.#..#......###.. ###.
.......#......).###.....
..............[...###...
...................?###.
..................### ..
................### ..
......g†#.....###
......)@+........
.......g#........
........###....$..
......>.' ......#
........# ......
######... .... #.#. .. .


You could see 2 gnolls.

Vanquished Creatures
  A gnoll (D:3)
  An adder (D:2)
  A dart slug (D:1)
  2 orcs (D:3)
  2 bats
  3 endoplasms
  2 giant cockroaches
  A goblin (D:1)
  3 hobgoblins (D:1)
  9 jackals
  2 quokkas
  2 ball pythons (D:1)
  4 frilled lizards
  2 kobolds (D:1)
  7 rats
42 creatures vanquished.

Notes
Turn   | Place    | Note
-------+----------+-------------------------------------------
     0 | D:1      | Asher535 the Hill Orc Fighter began the quest for the Orb.
     0 | D:1      | Reached XP level 1. HP: 19/19 MP: 1/1
   105 | D:1      | Reached XP level 2. HP: 22/27 MP: 2/2
   353 | D:1      | Reached skill level 4 in Fighting
   405 | D:1      | Reached XP level 3. HP: 27/32 MP: 3/3
   798 | D:1      | Found a faded altar of an unknown god.
  1580 | D:3      | Found the +14 obsidian axe {vorpal, Mesm Drain Fly SInv}
  1623 | D:3      | Reached XP level 4. HP: 15/40 MP: 4/4
  1624 | D:3      | Slain by a gnoll

Illustrated notes

Levels and vault maps discovered:
D:1:      lemuel_arrival_lava_pool, layout_basic,
          dilly_ecumenical_altar_fadedgnrine
D:2:      layout_rooms
D:3:      layout_basic, chequers_serial_rivers_micro_a, minmay_crystal_room,
          minmay_unequal, uniq_jessica

Skill      XL: |  1  2 |
---------------+-------+-----
Axes           | 3 |  3.9
Fighting       | 4 |  4.3
Armour         | |  3.8
Shields        | |  3.8

Action                   |  1- 3 |  4- 6 || total
-------------------------+-------+-------++-------
Melee: War axe           |    87 |       ||    87
       Broad axe         |     9 |     1 ||    10
Armor: Scale mail        |    16 |       ||    16
       Plate armour      |    38 |       ||    38
Dodge: Dodged            |    45 |     2 ||    47
Block: Buckler           |    23 |       ||    23

Table legend: (Time is in decaauts)
 A = Elapsed time spent in this place.
 B = Non-inter-level travel time spent in this place.
 C = Inter-level travel time spent in this place.
 D = Time resting spent in this place.
 E = Time spent auto-exploring this place.
 F = Levels seen in this place.
 G = Mean time per level.
                   A        B        C        D        E       F      G
               +--------+--------+--------+--------+--------+-----+--------+
         Total |   1659 |   1583 |     76 |      0 |   1296 |   3 |  553.0 |
       Dungeon |   1659 |   1583 |     76 |      0 |   1296 |   3 |  553.0 |
               +--------+--------+--------+--------+--------+-----+--------+

Top non-repeatable levels by time:
     D:1: 1100 daAuts
     D:2: 482 daAuts
     D:3: 76 daAuts
